 Dungeon Crawl Stone Soup version 0.29-a0-648-g6b26cc9f40 (webtiles) character file.

Game seed: 12016652304172465536

836 DocClef the Fighter (level 7, -4/51 HPs)
             Began as a Tengu Fighter on June 20, 2022.
             Was a Follower of Okawaru.
             Slain by a steam dragon (9 damage)
             ... on level 6 of the Dungeon.
             The game lasted 00:05:37 (6159 turns).

DocClef the Fighter (Tengu Fighter)                 Turns: 6159, Time: 00:05:38

Health: -4/51      AC:  6    Str: 17    XL:     7   Next: 99%
Magic:  7/8        EV: 10    Int:  8    God:    Okawaru [*.....]
Gold:   96         SH:  5    Dex: 15    Spells: 6/6 levels left

rFire   . . .      SeeInvis .   a - +0 long sword
rCold   + . .      Faith    .   c - +0 buckler
rNeg    . . .      Spirit   .   b - +0 scale mail
rPois   .          Reflect  .   (helmet restricted)
rElec   .          Harm     .   (no cloak)
rCorr   .          Rampage  .   (no gloves)
Will    .....                   (boots unavailable)
Stlth   ..........              (no amulet)
HPRegen 0.17/turn               m - ring of protection from cold
MPRegen 0.11/turn               (no ring)

@: flying quickly and evasively, quick
A: beak, talons 3, nimble flight
a: Renounce Religion, Heroism


You were on level 6 of the Dungeon.
You worshipped Okawaru.
Okawaru was aware of your devotion.
You visited 1 branch of the dungeon, and saw 6 of its levels.

You collected 283 gold pieces.
You spent 187 gold pieces at shops.

Inventory:

Hand Weapons
 a - a +0 long sword (weapon)
Armour
 b - a +0 scale mail (worn)
 c - a +0 buckler (worn)
Jewellery
 m - a ring of protection from cold (left hand)
Wands
 l - a wand of flame (20)
 w - a wand of polymorph (14)
 z - a wand of quicksilver (3)
Scrolls
 e - 2 scrolls of amnesia {unknown}
 f - 5 scrolls of identify {unknown}
 g - 9 scrolls of teleportation {unknown}
 k - a scroll of silence {unknown}
 o - a scroll of fear {unknown}
 p - a scroll of enchant armour {unknown}
 r - 3 scrolls of blinking {unknown}
 s - 2 scrolls of magic mapping {unknown}
 v - 2 scrolls of poison {unknown}
 y - a scroll of immolation {unknown}
 A - a scroll of noise {unknown}
 C - a scroll of vulnerability {unknown}
Potions
 d - a potion of might
 h - 3 potions of curing
 i - a potion of lignification {unknown}
 n - a potion of brilliance {unknown}
 q - a potion of cancellation {unknown}
 t - a potion of haste {unknown}
 u - a potion of resistance
 x - 3 potions of attraction {unknown}
 B - a potion of invisibility


   Skills:
 + Level 9.2 Fighting
 - Level 2.1 Long Blades
 - Level 3.2 Armour
 - Level 3.0 Shields


You had 6 spell levels left.
You didn't know any spells.
Your spell library contained the following spells:

 Spells                   Type           Power      Damage    Failure   Level
 Sandblast                Erth           0%         2d4       88%         1
 Ensorcelled Hibernation  Hex/Ice        0%         N/A       96%         2
 Passwall                 Tmut/Erth      0%         N/A       96%         2
 Frozen Ramparts          Ice            0%         1d2       99%         3
 Mephitic Cloud           Conj/Pois/Air  0%         N/A       99%         3
 Spider Form              Tmut/Pois      0%         N/A       99%         3
 Stone Arrow              Conj/Erth      0%         3d7       99%         3
 Anguish                  Hex/Necr       0%         N/A       100%        4
 Ozocubu's Refrigeration  Ice            0%         4d5       100%        7


Dungeon Overview and Level Annotations

Branches:
Dungeon (6/15)
 Temple: D:4-7

Altars:
Okawaru
Ru
Sif Muna
Trog
Yredelemnul

Shops:
D:6 !

Annotations:
D:2 1 runed translucent door, Crazy Yiuf


Innate Abilities, Weirdness & Mutations

You have a beak for a mouth.
You have claws for feet.
Your magical nature lets you fly swiftly and evasively.


Message History

You closely miss the steam dragon.
The steam dragon is heavily wounded.
The steam dragon bites you but does no damage.
The steam dragon misses you.
You hit the steam dragon but do no damage.
The steam dragon is heavily wounded.
The steam dragon completely misses you. The steam dragon closely misses you.
You barely miss the steam dragon. You claw the steam dragon.
You peck the steam dragon.
The steam dragon is severely wounded.
You block the steam dragon's attack. The steam dragon barely misses you.
You closely miss the steam dragon.
The steam dragon is severely wounded.
The steam dragon breathes steam at you. The ball of steam misses you.
The steam dragon bites you but does no damage.
The steam dragon misses you.
You slash the steam dragon! Your kick misses the steam dragon.
Your peck misses the steam dragon.
The steam dragon is almost dead.
You are engulfed in a cloud of scalding steam.
You feel like a meek peon again. The steam dragon closely misses you. x2
You closely miss the steam dragon. Your peck misses the steam dragon.
The steam dragon is almost dead.
The steam dragon bites you but does no damage.
You block the steam dragon's attack. The steam dragon breathes steam at you.
The ball of steam hits you!!
* * * LOW HITPOINT WARNING * * *
You feel much better.
You are engulfed in a cloud of scalding steam.
You block the steam dragon's attack. x2
You hit the steam dragon but do no damage.
You claw the steam dragon, but do no damage.
The steam dragon is almost dead.
You are engulfed in a cloud of scalding steam.
* * * LOW HITPOINT WARNING * * *
The steam dragon bites you!
You die...

. ##..........## #..
##............#
#...###.............#
#..(................##
..##..............#..##
....#
####..........###..###
.....# ##......)###
##...## ......#
#..D...§## ##...##
.......###..#@.###
##...# ........##.§####
#### ##...
........##..# ###..##
##)) .........#†.#
###.....## ##.
............#
##........## ##
............#
#..........## #
........#..##
#...........##
.......##..#
#............# ......#
...# #............#


You could see a steam dragon (catching breath).

Vanquished Creatures
  2 ogres
  3 scorpions
  2 hounds (D:4)
  2 jellies (D:5)
  An orc priest (D:3)
  2 iguanas
  Ijyb (D:3)
  Terence (D:2)
  2 orc wizards (D:3)
  3 adders
  3 gnolls (D:6)
  2 white imps (D:6)
  A worm (D:2)
  4 dart slugs
  15 orcs
  5 bats
  2 endoplasms
  4 giant cockroaches
  4 goblins
  6 hobgoblins
  2 jackals (D:3)
  2 kobolds
  3 quokkas
  5 ball pythons
  3 frilled lizards
  7 rats
87 creatures vanquished.

Vanquished Creatures (others)
  An orc wizard (D:3)
1 creature vanquished.

Grand Total: 88 creatures vanquished

Notes
Turn   | Place    | Note
-------+----------+-------------------------------------------
     0 | D:1      | DocClef the Tengu Fighter began the quest for the Orb.
     0 | D:1      | Reached XP level 1. HP: 14/14 MP: 2/2
   120 | D:1      | Reached XP level 2. HP: 9/19 MP: 3/3
   523 | D:1      | Reached skill level 4 in Fighting
   637 | D:1      | Found a faded altar of an unknown god.
   642 | D:1      | Reached XP level 3. HP: 19/24 MP: 4/4
  1195 | D:2      | Found an iron altar of Okawaru.
  1217 | D:2      | Became a worshipper of Warmaster Okawaru
  1305 | D:2      | You fall into a shaft and drop 1 floor!
  1519 | D:2      | Noticed Terence
  1527 | D:2      | Killed Terence
  1528 | D:2      | Reached skill level 5 in Fighting
  1528 | D:2      | Reached XP level 4. HP: 22/31 MP: 5/5
  2052 | D:2      | Found a runed translucent door.
  2053 | D:2      | Noticed Crazy Yiuf
  2494 | D:3      | Gained mutation: Your magical nature lets you fly swiftly
                  | and evasively. [Tengu growth]
  2494 | D:3      | Reached XP level 5. HP: 35/35 MP: 6/6
  2513 | D:3      | Noticed an orc warrior
  2734 | D:4      | Reached skill level 6 in Fighting
  2870 | D:4      | Found a shimmering blue altar of Sif Muna.
  2875 | D:4      | Found a sacrificial altar of Ru.
  2877 | D:4      | Found a bloodstained altar of Trog.
  2878 | D:4      | Found a basalt altar of Yredelemnul.
  2955 | D:4      | Reached XP level 6. HP: 35/42 MP: 7/7
  3152 | D:4      | Reached skill level 7 in Fighting
  3455 | D:4      | Reached * piety under Okawaru
  3750 | D:3      | Reached XP level 7. HP: 36/48 MP: 8/8
  4065 | D:3      | Noticed Ijyb
  4193 | D:3      | Killed Ijyb
  4194 | D:3      | Reached skill level 8 in Fighting
  4584 | D:5      | Entered Level 5 of the Dungeon
  4661 | D:5      | Got Niopeff's Guide on Noxious Cold
  5926 | D:6      | Found Irekh's Distillery.
  5932 | D:6      | Bought a potion of curing for 33 gold pieces
  5932 | D:6      | Bought a potion of heal wounds for 55 gold pieces
  5932 | D:6      | Bought a potion of invisibility for 88 gold pieces
  5932 | D:6      | Bought a potion of degeneration for 11 gold pieces
  6015 | D:6      | Reached skill level 9 in Fighting
  6131 | D:6      | Noticed a steam dragon
  6159 | D:6      | Slain by a steam dragon

Illustrated notes

Levels and vault maps discovered:
D:1:      spicycebolla_arrival_transporter_tutorial, layout_loops_ring,
          hellmonk_ecumenical_altar_lost_god, hangedman_decor_points,
          minmay_unequal
D:2:      layout_basic, basic_altar, dreamdust_princess_corridor,
          nicolae_figureground_sparkle, uniq_crazy_yiuf_cottage, uniq_terence
D:3:      layout_basic, columned_hall_lemuel, kennysheep_generic_room_4,
          uniq_ijyb
D:4:      layout_basic, mainiacjoe_overflow_alcove_3
D:5:      layout_basic
D:6:      layout_cave_pods, serial_shops, shop, gammafunk_ghost_abyssal_escape,
          uniq_menkaure, uniq_grinder

Skill      XL: |  1  2  3  4  5  6  7 |
---------------+----------------------+-----
Fighting       | 4 5 6 7 9 |  9.2
Long Blades    | |  2.1
Armour         | |  3.2
Shields        | |  3.0

Action                   |  1- 3 |  4- 6 |  7- 9 || total
-------------------------+-------+-------+-------++-------
Melee: Long sword        |    69 |    93 |    95 ||   257
       Kick              |    16 |    18 |    25 ||    59
       Peck              |     8 |    19 |    12 ||    39
       Unarmed           |       |       |     7 ||     7
Invok: Heroism           |       |       |     1 ||     1
Evoke: Wand              |       |       |     1 ||     1
  Use: Potion            |       |       |     2 ||     2
Armor: Scale mail        |    41 |    28 |    25 ||    94
       Skin              |       |       |    28 ||    28
Dodge: Dodged            |    32 |    40 |    50 ||   122
Block: Buckler           |    12 |    21 |    23 ||    56

Table legend: (Time is in decaauts)
 A = Elapsed time spent in this place.
 B = Non-inter-level travel time spent in this place.
 C = Inter-level travel time spent in this place.
 D = Time resting spent in this place.
 E = Time spent auto-exploring this place.
 F = Levels seen in this place.
 G = Mean time per level.
                   A        B        C        D        E       F      G
               +--------+--------+--------+--------+--------+-----+--------+
         Total |   6033 |   5819 |    214 |   1015 |   4011 |   6 | 1005.5 |
       Dungeon |   6033 |   5819 |    214 |   1015 |   4011 |   6 | 1005.5 |
               +--------+--------+--------+--------+--------+-----+--------+

Top non-repeatable levels by time:
     D:4: 1327 daAuts
     D:5: 1257 daAuts
     D:1: 1099 daAuts
     D:3: 1067 daAuts
     D:2: 1050 daAuts
     D:6: 230 daAuts
